MLB
BALTIMORE ORIOLES @ ATLANTA BRAVES
04/12/2099
 
TOP OF THE 1ST
Baltimore Orioles batting - Pitching for Atlanta Braves : RHP Wayne McQuillan
Pitching: RHP Wayne McQuillan
Batting: LHB Jeremy Marshall 0-0: Ball
1-0: Foul Ball, location: 3FF
1-1: Ground out 3-1 (Groundball, 34S, EV 86.9 MPH)
Batting: LHB Jerry Peterson 0-0: Ball
1-0: Foul Ball, location: 2F
1-1: Ball
2-1: Ground out 4-3 (Groundball, 4, EV 99.4 MPH)
Batting: RHB Eduardo Lopez 0-0: Foul Ball, location: 5F
0-1: Ball
1-1: Foul Ball, location: 9LDF
1-2: Ball
2-2: Foul Ball, location: 3FF
2-2: Strikes out swinging
Top of the 1st over - 0 runs, 0 hits, 0 errors, 0 left on base; Baltimore 0 - Atlanta 0
BOTTOM OF THE 1ST
Atlanta Braves batting - Pitching for Baltimore Orioles : RHP Brent Brzezinski
Pitching: RHP Brent Brzezinski
Batting: LHB Jordan Montijo 0-0: Called Strike
0-1: Ball
1-1: Ground out 5-3 (Groundball, 5L, EV 80.0 MPH)
Batting: LHB Wade Ronsonet 0-0: Ball
1-0: Ball
2-0: Ground out U3 (Groundball, 3S, EV 61.3 MPH)
Batting: SHB Joe Richardson 0-0: Ball
1-0: Foul Ball, location: 2F
1-1: Called Strike
1-2: Strikes out swinging, 2-3 out at first.
Bottom of the 1st over - 0 runs, 0 hits, 0 errors, 0 left on base; Baltimore 0 - Atlanta 0
TOP OF THE 2ND
Baltimore Orioles batting - Pitching for Atlanta Braves : RHP Wayne McQuillan
Batting: LHB Kenny West 0-0: Ball
1-0: Ball
2-0: Called Strike
2-1: Called Strike
2-2: Ball
3-2: Fly out, F8 (Flyball, 8LD, EV 103.1 MPH)
Batting: SHB Josh Osborne 0-0: Ball
1-0: Ball
2-0: Ground out 4-3 (Groundball, 4S, EV 70.6 MPH)
Batting: LHB Nate Wagner 0-0: Ball
1-0: Foul Ball, location: 2F
1-1: Ball
2-1: Swinging Strike
2-2: Ball
3-2: Base on Balls
Batting: RHB Travis Darling 0-0: Ball
1-0: Ball
2-0: Called Strike
2-1: Foul Ball, location: 2RF
2-2: Strikes out swinging
Top of the 2nd over - 0 runs, 0 hits, 0 errors, 1 left on base; Baltimore 0 - Atlanta 0
BOTTOM OF THE 2ND
Atlanta Braves batting - Pitching for Baltimore Orioles : RHP Brent Brzezinski
Batting: RHB Ramon Carrion 0-0: Foul Ball, location: 3SF
0-1: Swinging Strike
0-2: Fly out, F5 (Popup, 56, EV 64.4 MPH)
Batting: SHB Carlos Carballo 0-0: Ball
1-0: Called Strike
1-1: Ball
2-1: Ball
3-1: Called Strike
3-2: SINGLE (Line Drive, 8LS, EV 106.9 MPH)
Batting: LHB Omar Carreon 0-0: Ball
1-0: Ball
2-0: Ball
3-0: Called Strike
3-1: Base on Balls
Carlos Carballo to second
Batting: RHB Luis Saez 0-0: Ball
1-0: Ball
2-0: Ball
3-0: Base on Balls
Carlos Carballo to third
Omar Carreon to second
Batting: LHB Mike Hancock 0-0: Fly out, F8 (Line Drive, 8LD, EV 90.0 MPH)
Runner from 3rd tags up, SCORES, throw by CF
Batting: RHB Tim Reffner 0-0: Ball
1-0: Fly out, F7 (Flyball, 7, EV 88.8 MPH)
Bottom of the 2nd over - 1 run, 1 hit, 0 errors, 2 left on base; Baltimore 0 - Atlanta 1
TOP OF THE 3RD
Baltimore Orioles batting - Pitching for Atlanta Braves : RHP Wayne McQuillan
Batting: LHB Dave Schwabe 0-0: Called Strike
0-1: Called Strike
0-2: Strikes out swinging
Batting: RHB Lee Board 0-0: Called Strike
0-1: Called Strike
0-2: Ball
1-2: Ball
2-2: Ball
3-2: Ground out 6-3 (Groundball, 6, EV 80.0 MPH)
Batting: LHB Jeremy Marshall 0-0: Called Strike
0-1: Ball
1-1: Swinging Strike
1-2: Strikes out looking
Top of the 3rd over - 0 runs, 0 hits, 0 errors, 0 left on base; Baltimore 0 - Atlanta 1
BOTTOM OF THE 3RD
Atlanta Braves batting - Pitching for Baltimore Orioles : RHP Brent Brzezinski
Batting: LHB Jordan Montijo 0-0: Ball
1-0: Called Strike
1-1: Ball
2-1: Ball
3-1: Base on Balls
Batting: LHB Wade Ronsonet 0-0: Called Strike
Jordan Montijo steals 2nd base
0-1: Swinging Strike
0-2: Strikes out looking
Batting: SHB Joe Richardson 0-0: Foul Ball, location: 2F
0-1: Ball
1-1: Called Strike
1-2: Ball
2-2: Ball
3-2: Ground out 3-1 (Groundball, 34, EV 105.6 MPH)
Jordan Montijo to third
Batting: RHB Ramon Carrion 0-0: SINGLE (Line Drive, 7S, EV 103.1 MPH)
Jordan Montijo scores
Batting: SHB Carlos Carballo 0-0: Swinging Strike
0-1: Foul Ball, location: 5F
0-2: Foul Ball, location: 2F
0-2: Ball
1-2: Strikes out looking
Bottom of the 3rd over - 1 run, 1 hit, 0 errors, 1 left on base; Baltimore 0 - Atlanta 2
TOP OF THE 4TH
Baltimore Orioles batting - Pitching for Atlanta Braves : RHP Wayne McQuillan
Batting: LHB Jerry Peterson 0-0: Ball
1-0: Ball
2-0: SINGLE (Groundball, 6MD, EV 105.0 MPH)
Batting: RHB Eduardo Lopez 0-0: Ball
1-0: SINGLE (Groundball, 4MD, EV 96.9 MPH)
Jerry Peterson to second
Runner from 2nd tries for 3rd, SAFE, throw by CF made to third
Batting: LHB Kenny West 0-0: Foul Ball, location: 25FF
0-1: Ball
1-1: Ball
2-1: Swinging Strike
2-2: Foul Ball, location: 5DF
2-2: Foul Ball, location: 23F
2-2: Ball
3-2: Fly out, F7 (Flyball, 7LS, EV 82.5 MPH)
Batting: SHB Josh Osborne 0-0: Ball
1-0: Fly out, F7 (Line Drive, 7S, EV 95.0 MPH)
Batting: LHB Nate Wagner 0-0: Swinging Strike
0-1: Called Strike
0-2: Strikes out swinging
Top of the 4th over - 0 runs, 2 hits, 0 errors, 2 left on base; Baltimore 0 - Atlanta 2
BOTTOM OF THE 4TH
Atlanta Braves batting - Pitching for Baltimore Orioles : RHP Brent Brzezinski
Batting: LHB Omar Carreon 0-0: Ball
1-0: Called Strike
1-1: Bunt missed!
1-2: Strikes out looking
Batting: RHB Luis Saez 0-0: Foul Ball, location: 5F
0-1: Foul Ball, location: 9LDF
0-2: Foul Ball, location: 9LMF
0-2: Foul Ball, location: 2F
0-2: Ball
1-2: Strikes out swinging
Batting: LHB Mike Hancock 0-0: Ball
1-0: Ball
2-0: Ball
3-0: Base on Balls
Batting: RHB Tim Reffner 0-0: Foul Ball, location: 3F
0-1: Ball
1-1: Ball
2-1: Swinging Strike
2-2: Foul Ball, location: 3DF
2-2: Ball
3-2: Foul Ball, location: 7LSF
3-2: Base on Balls
Mike Hancock to second
Batting: LHB Jordan Montijo 0-0: Ball
1-0: Ball
2-0: Ball
3-0: Called Strike
3-1: Fielders Choice at 2nd, 5-4 (Groundball, 56, EV 103.1 MPH)
Bottom of the 4th over - 0 runs, 0 hits, 0 errors, 2 left on base; Baltimore 0 - Atlanta 2
TOP OF THE 5TH
Baltimore Orioles batting - Pitching for Atlanta Braves : RHP Wayne McQuillan
Batting: RHB Travis Darling 0-0: Ball
1-0: Foul Ball, location: 3F
1-1: Ball
2-1: Swinging Strike
2-2: Fly out, F8 (Line Drive, 8LS, EV 83.8 MPH)
Batting: LHB Dave Schwabe 0-0: Ball
1-0: Ball
2-0: Ball
3-0: Called Strike
3-1: Base on Balls
Batting: RHB Lee Board 0-0: Called Strike
0-1: Ball
1-1: Swinging Strike
1-2: Strikes out swinging
Batting: LHB Jeremy Marshall 0-0: Ball
1-0: Ball
2-0: Ball
3-0: Called Strike
3-1: Called Strike
3-2: Strikes out swinging
Top of the 5th over - 0 runs, 0 hits, 0 errors, 1 left on base; Baltimore 0 - Atlanta 2
BOTTOM OF THE 5TH
Atlanta Braves batting - Pitching for Baltimore Orioles : RHP Brent Brzezinski
Batting: LHB Wade Ronsonet 0-0: Ball
1-0: Called Strike
1-1: Ball
2-1: Ball
3-1: Called Strike
3-2: Foul Ball, location: 5SF
3-2: TRIPLE (Flyball, 9LD, EV 86.3 MPH)
Batting: SHB Joe Richardson 0-0: Ball
1-0: Ground out 1-3 (Groundball, 13S, EV 68.1 MPH)
Batting: RHB Ramon Carrion 0-0: Called Strike
0-1: Ball
1-1: Ball
2-1: Ball
3-1: Base on Balls
Batting: SHB Carlos Carballo 0-0: Called Strike
0-1: Foul Ball, location: 2F
0-2: Fielders Choice at 2nd, 4-6 (Groundball, 4, EV 81.3 MPH)
Wade Ronsonet scores
Pitching: RHP Willie Lopez
Now at SS: Pedro Jimenez
Batting: LHB Omar Carreon 0-0: Foul Ball, location: 2F
0-1: Ball
1-1: Fly out, F8 (Flyball, 89S, EV 97.5 MPH)
Bottom of the 5th over - 1 run, 1 hit, 0 errors, 1 left on base; Baltimore 0 - Atlanta 3
TOP OF THE 6TH
Baltimore Orioles batting - Pitching for Atlanta Braves : RHP Wayne McQuillan
Batting: LHB Jerry Peterson 0-0: Foul Ball, location: 25FF
0-1: SINGLE (Groundball, 6MD, EV 98.1 MPH)
Batting: RHB Eduardo Lopez 0-0: SINGLE (Line Drive, 8RS, EV 109.4 MPH)
Jerry Peterson to second
Batting: LHB Kenny West 0-0: Called Strike
0-1: Ball
1-1: Ball
2-1: Ball
3-1: Foul Ball, location: 25FF
3-2: Strikes out swinging
Batting: RHB Pedro Jimenez 0-0: Foul Ball, location: 23F
0-1: Ball
1-1: Ball
2-1: Ball
3-1: SINGLE (Line Drive, 89M, EV 109.4 MPH)
Jerry Peterson to third
Eduardo Lopez to second
Batting: LHB Nate Wagner 0-0: Called Strike
0-1: Ball
1-1: Foul Ball, location: 7LDF
1-2: Ball
2-2: Strikes out swinging
Batting: RHB Travis Darling 0-0: Called Strike
0-1: Foul Ball, location: 2F
0-2: Foul Ball, location: 9LDF
0-2: Ground out 5-3 (Groundball, 56S, EV 83.8 MPH)
Top of the 6th over - 0 runs, 3 hits, 0 errors, 3 left on base; Baltimore 0 - Atlanta 3
BOTTOM OF THE 6TH
Atlanta Braves batting - Pitching for Baltimore Orioles : RHP Willie Lopez
Batting: RHB Luis Saez 0-0: Foul Ball, location: 5FF
0-1: Ball
1-1: Ball
2-1: Foul Ball, location: 9LDF
2-2: Ball
3-2: Foul Ball, location: 9LSF
3-2: Base on Balls
Batting: LHB Mike Hancock 0-0: Called Strike
0-1: Ball
1-1: Grounds into double play, 4-6-3 (Groundball, 34, EV 78.8 MPH)
Batting: RHB Tim Reffner 0-0: Foul Ball, location: 7LMF
0-1: Ball
1-1: Fly out, F3 (Popup, 3SF, EV 84.4 MPH)
Bottom of the 6th over - 0 runs, 0 hits, 0 errors, 0 left on base; Baltimore 0 - Atlanta 3
TOP OF THE 7TH
Baltimore Orioles batting - Pitching for Atlanta Braves : RHP Wayne McQuillan
Batting: LHB Dave Schwabe 0-0: Called Strike
0-1: Ball
1-1: Ball
2-1: Swinging Strike
2-2: Strikes out swinging, 2-3 out at first.
Pitching: RHP Andy Thomas
Batting: RHB Lee Board 0-0: Ball
1-0: Called Strike
1-1: Ball
2-1: Foul Ball, location: 9LSFF
2-2: Foul Ball, location: 2F
2-2: Ball
3-2: Foul Ball, location: 2F
3-2: Strikes out swinging, 2-3 out at first.
Batting: LHB Jeremy Marshall 0-0: Ball
1-0: SINGLE (Line Drive, 78M, EV 90.6 MPH)
Batting: LHB Jerry Peterson 0-0: Ball
1-0: Swinging Strike
1-1: Called Strike
1-2: Foul Ball, location: 5F
1-2: Ball
2-2: Foul Ball, location: 5F
2-2: Ball
3-2: SINGLE (Groundball, 34D, EV 102.5 MPH)
Jeremy Marshall to second
Jeremy Marshall to third
Batting: RHB Eduardo Lopez 0-0: Ball
1-0: Fly out, F9 (Flyball, 9S, EV 86.9 MPH)
Top of the 7th over - 0 runs, 2 hits, 0 errors, 2 left on base; Baltimore 0 - Atlanta 3
BOTTOM OF THE 7TH
Atlanta Braves batting - Pitching for Baltimore Orioles : RHP Willie Lopez
Batting: LHB Jordan Montijo 0-0: Swinging Strike
0-1: Ball
1-1: Ground out 2-3 (Groundball, 2L, EV 66.9 MPH)
Batting: LHB Wade Ronsonet 0-0: Called Strike
0-1: Fly out, F8 (Line Drive, 8RM, EV 107.5 MPH)
Batting: SHB Joe Richardson 0-0: Ball
1-0: Called Strike
1-1: Foul Ball, location: 23F
1-2: Ball
2-2: Ground out 6-3 (Groundball, 4M, EV 105.0 MPH)
Bottom of the 7th over - 0 runs, 0 hits, 0 errors, 0 left on base; Baltimore 0 - Atlanta 3
TOP OF THE 8TH
Baltimore Orioles batting - Pitching for Atlanta Braves : RHP Andy Thomas
Batting: LHB Kenny West 0-0: Fly out, F7 (Flyball, 7S, EV 86.9 MPH)
Batting: RHB Pedro Jimenez 0-0: Called Strike
0-1: Ball
1-1: Foul Ball, location: 2F
1-2: Hit by Pitch
Batting: LHB Nate Wagner 0-0: Ball
1-0: Ball
2-0: Called Strike
2-1: Foul Ball, location: 2F
2-2: Foul Ball, location: 3F
2-2: Ball
3-2: Fly out, F8 (Flyball, 8LM, EV 90.6 MPH)
Pitching: RHP Tim Pye
Batting: RHB Travis Darling 0-0: Ball
1-0: Called Strike
1-1: Called Strike
1-2: DOUBLE (Groundball, 5L, EV 100.6 MPH)
Pedro Jimenez to third
Batting: LHB Dave Schwabe 0-0: Ball
1-0: Foul Ball, location: 23F
1-1: DOUBLE (Line Drive, 78D, EV 100.6 MPH)
Pedro Jimenez scores
Travis Darling scores
Batting: RHB Lee Board 0-0: Ball
Passed Ball!
Dave Schwabe to third
1-0: Called Strike
1-1: Called Strike
1-2: Ball
2-2: SINGLE (Groundball, 56D, EV 103.8 MPH)
Dave Schwabe scores
Batting: LHB Jeremy Marshall 0-0: Called Strike
0-1: Called Strike
0-2: Ground out 4-3 (Groundball, 34D, EV 108.8 MPH)
Top of the 8th over - 3 runs, 3 hits, 0 errors, 1 left on base; Baltimore 3 - Atlanta 3
BOTTOM OF THE 8TH
Atlanta Braves batting - Pitching for Baltimore Orioles : RHP Willie Lopez
Batting: RHB Ramon Carrion 0-0: Ball
1-0: Ball
2-0: Swinging Strike
2-1: Foul Ball, location: 9LDF
2-2: Ball
3-2: Foul Ball, location: 2F
3-2: Base on Balls
Batting: SHB Carlos Carballo 0-0: Called Strike
0-1: 2-RUN HOME RUN (Flyball, 89XD, EV 104.4 MPH), Distance : 384 ft
Batting: LHB Omar Carreon 0-0: Foul Ball, location: 2RF
0-1: Ball
1-1: Ball
2-1: Foul Ball, location: 5SF
2-2: Ball
3-2: Fly out, F8 (Flyball, 8RD, EV 88.8 MPH)
Batting: RHB Luis Saez 0-0: Fly out, F7 (Flyball, 7, EV 95.6 MPH)
Batting: LHB Mike Hancock 0-0: Ball
1-0: Called Strike
1-1: Foul Ball, location: 3FF
1-2: Ball
2-2: Ground out 3-1 (Groundball, 34, EV 86.9 MPH)
Bottom of the 8th over - 2 runs, 1 hit, 0 errors, 0 left on base; Baltimore 3 - Atlanta 5
TOP OF THE 9TH
Baltimore Orioles batting - Pitching for Atlanta Braves : RHP Tim Pye
Batting: LHB Jerry Peterson 0-0: Ball
1-0: Called Strike
1-1: Called Strike
1-2: Ball
2-2: Strikes out swinging
Batting: RHB Eduardo Lopez 0-0: Foul Ball, location: 2F
0-1: Foul Ball, location: 2F
0-2: Strikes out swinging
Batting: LHB Kenny West 0-0: Ball
1-0: Ball
2-0: Called Strike
2-1: Called Strike
2-2: Ball
3-2: Ground out U3 (Groundball, 34, EV 78.1 MPH)
Top of the 9th over - 0 runs, 0 hits, 0 errors, 0 left on base; Baltimore 3 - Atlanta 5
Friday, May 3rd , 2024 - OOTP Baseball 24.11 Build 85